 Dungeon Crawl Stone Soup version 0.14-a0-1626-g054e7ae (webtiles) character file.

464 Piginabag the Bolt Thrower (level 6, 0/39 HPs)
             Began as a Formicid Hunter on Dec 25, 2013.
             Slain by Prince Ribbit (11 damage)
             ... on Level 3 of the Dungeon.
             The game lasted 00:09:23 (2679 turns).

Piginabag the Bolt Thrower (Formicid Hunter)        Turns: 2679, Time: 00:09:24

HP   0/39        AC  6     Str 19      XL: 6   Next: 95%
MP   6/6         EV 10     Int 10      God:
Gold 166         SH  0     Dex 11      Spells:  0 memorised,  5 levels left

rFire  . . .     SeeInvis +     b - +1 crossbow
rCold  . . .     Clarity  .     l - +0 ring mail
rNeg   . . .     Conserve .     (no shield)
rPois  x         rCorr    .     (helmet unavailable)
rElec  .         rRot     .     (no cloak)
SustAb . .       Spirit   .     (no gloves)
rMut   .         Warding  .     (no boots)
Saprov . . .     Stasis   +     (no amulet)
                                (no ring)
                                (no ring)

@: slightly resistant to hostile enchantments, very unstealthy
A: permanent stasis, dig shafts and tunnels, four strong arms, poison weakness,
antennae 3, exoskeleton 1
a: Dig, Shaft Self


You were on level 3 of the Dungeon.
You were not hungry.

You visited 1 branch of the dungeon, and saw 4 of its levels.

You collected 166 gold pieces.

Inventory:

Hand weapons
 b - a +1,+1 crossbow (weapon)
 h - a -1,+2 orcish mace
Missiles
 c - 29 bolts (quivered)
Armour
 l - a +0 ring mail (worn)
Magical devices
 d - a wand of magic darts (3)
 r - a wand of confusion (7) {unknown}
 u - a wand of fireball (4) {unknown}
Comestibles
 f - 4 bread rations
 i - a meat ration
 q - a choko
Scrolls
 k - 5 scrolls of identify {unknown}
 o - 2 scrolls of curse armour {unknown}
 p - 2 scrolls of random uselessness {unknown}
 s - 2 scrolls of fog {unknown}
 t - 2 scrolls of teleportation {unknown}
 y - a scroll of noise {unknown}
 A - a scroll of blinking {unknown}
 B - a scroll of amnesia {unknown}
Jewellery
 m - an uncursed ring of protection from fire {unknown}
Potions
 a - 2 potions of speed {unknown}
 e - 2 potions of magic {unknown}
 g - 2 potions of curing {unknown}
 j - a potion of brilliance {unknown}
 n - a potion of might {unknown}
 v - a potion of heal wounds {unknown}
 w - a potion of degeneration {unknown}
 x - a potion of berserk rage {unknown}
 z - 2 potions of restore abilities {unknown}


   Skills:
 + Level 1.0 Fighting
 + Level 7.0 Crossbows
 + Level 1.7 Armour
 + Level 2.2 Dodging
 + Level 1.4 Stealth


You had 5 spell levels left.
You didn't know any spells.

Dungeon Overview and Level Annotations

Branches:
Dungeon (4/16)             Temple (0/1) D:4

Altars:
Fedhas
Kikubaaqudgha
Makhleb
Yredelemnul
Zin

Annotations:
D:3 Prince Ribbit


Innate Abilities, Weirdness & Mutations

Your are under a permanent stasis effect.
You can dig through walls and to a lower floor.
Your four strong arms can wield any weapon, most with a shield.
You are susceptible to poison.
You have a pair of large antennae on your head (SInv).
Your body is surrounded by an exoskeleton. (HP +5, AC +1)


Message History

Done exploring.
Done exploring.
Done exploring.
Done exploring.
There is a stone staircase leading down here.
You climb downwards.
Level annotation: Prince Ribbit Prince Ribbit hits you but does no damage.
Prince Ribbit hits you!
There is a stone staircase leading up here.
Prince Ribbit hits you but does no damage.
You climb upwards.
There is a stone staircase leading down here.
Prince Ribbit lets out a mournful croak.
Prince Ribbit hits you!
* * * LOW HITPOINT WARNING * * *
Prince Ribbit says, "You're just another fly to me."
Prince Ribbit misses you. Prince Ribbit hits you!
You die...

#........# #.....
#######.## ###### #.#
#######.# #.......#
#.####..## #.##.....#
#######.##.#...#
#...(..@##.#...#########
#
#.####..F...............
# ##'##
#....#...>.######## #
##...#######.#...## #
#.....##..#####.## #
##...####.# #.# # #
#.._..# #.# #.# # #
####### #.# ##'## # #
#######.# ##...## #


You could see Prince Ribbit.

Vanquished Creatures
  A centaur (D:3)
  The ghost of wojtek the Cudgeler, an average TeGl (D:3)
  Jessica (D:3)
  4 adders
  An inept feature mimic (D:3)
  A giant mite (D:2)
  A worm (D:2)
  2 giant geckos (D:3)
  An ooze (D:2)
  4 orcs (D:3)
  A giant cockroach (D:2)
  7 goblins
  6 hobgoblins
  A ball python (D:1)
  10 bats
  6 giant newts
  11 kobolds
  9 rats
  A spectral orc (D:3)
69 creatures vanquished.

Notes
Turn   | Place    | Note
--------------------------------------------------------------
     0 | D:1      | Piginabag, the Formicid Hunter, began the quest for the Orb.
     0 | D:1      | Reached XP level 1. HP: 17/17 MP: 1/1
    81 | D:1      | Reached XP level 2. HP: 21/21 MP: 2/2
   584 | D:2      | Reached XP level 3. HP: 25/25 MP: 3/3
   729 | D:2      | Reached skill level 5 in Crossbows
   843 | D:2      | Reached XP level 4. HP: 30/30 MP: 4/4
  1407 | D:3      | Noticed Jessica
  1410 | D:3      | Killed Jessica
  1438 | D:3      | Found a burning altar of Makhleb.
  1454 | D:3      | Noticed an Executioner
  1464 | D:3      | Found a glowing silver altar of Zin.
  1465 | D:3      | Noticed an angel
  1523 | D:3      | Found an ancient bone altar of Kikubaaqudgha.
  1626 | D:3      | Reached XP level 5. HP: 31/34 MP: 5/5
  1684 | D:3      | Found a basalt altar of Yredelemnul.
  1684 | D:3      | Noticed wojtek's ghost (average TeGl)
  1704 | D:3      | Killed wojtek's ghost
  1704 | D:3      | Reached skill level 6 in Crossbows
  1704 | D:3      | Reached skill level 1 in Armour
  1704 | D:3      | Reached XP level 6. HP: 20/39 MP: 6/6
  2119 | D:3      | Found a blossoming altar of Fedhas.
  2139 | D:3      | Noticed a centaur
  2143 | D:3      | Killed a centaur
  2143 | D:3      | Reached skill level 7 in Crossbows
  2644 | D:4      | Found a staircase to the Ecumenical Temple.
  2647 | D:4      | Noticed Prince Ribbit
  2679 | D:3      | Slain by Prince Ribbit

Action                   |  1- 3 |  4- 6 || total
-------------------------+-------+-------++-------
 Fire: Crossbow          |    40 |    78 ||   118
